 Dungeon Crawl Stone Soup version 0.29-a0-275-g389c0b56f3 (webtiles) character file.

Game seed: 5703190635593983728

45115 mdonais the Martial Artist (level 14, -2/121 HPs)
             Began as an Octopode Transmuter on Mar 11, 2022.
             Was the Champion of Cheibriados.
             Slain by a sun demon (19 damage)
             ... summoned by an orc high priest
             ... on level 2 of the Orcish Mines.
             The game lasted 01:29:56 (20101 turns).

mdonais the Martial Artist (Octopode Transmuter)   Turns: 20101, Time: 01:29:57

Health: -2/121     AC: 14    Str: 32    XL:     14   Next: 31%
Magic:  6/33       EV: 24    Int: 42    God:    Cheibriados [******]
Gold:   1128       SH:  5    Dex: 31    Spells: 6/27 levels left

rFire   . . .      SeeInvis .     - Unarmed
rCold   + + +      Faith    .   (shield currently unavailable)
rNeg    . . .      Spirit   .   (helmet currently unavailable)
rPois   +          Reflect  +   d - amulet of reflection
rElec   .          Harm     .   f - ring of protection from fire
rCorr   .          Rampage  .   j - +4 ring of evasion
Will    +....                   N - +6 ring of strength
Stlth   +++++.....              C - +6 ring of intelligence
HPRegen 0.30/turn               i - ring of magical power
MPRegen 0.23/turn               L - +6 ring of intelligence
                                c - ring of protection from cold
                                s - ring of wizardry

@: ice-form, radiating poison, spiked, on blink cooldown, very slow
A: freezing attack, boosted hp, almost no armour, amphibious, 8 rings, large,
(camouflage 1), (gelatinous body 1), (nimble swimmer 1), (tentacles)
a: End Transformation, Renounce Religion, Bend Time, Temporal Distortion,
Slouch, Step From Time


You were on level 2 of the Orcish Mines.
You worshipped Cheibriados.
Cheibriados was exalted by your worship.
You were a creature of crystalline ice.
You visited 5 branches of the dungeon, and saw 19 of its levels.

You collected 1424 gold pieces.
You spent 296 gold pieces at shops.

Inventory:

Hand Weapons
 b - a +0 hunting sling
   (You found it on level 1 of the Dungeon)
 z - a +3 dagger of venom
   (You took it off a kobold brigand on level 7 of the Dungeon)
 K - the +9 spear "Ozutin" {drain, rPois}
   (You found it on level 3 of the Dungeon)

   A truly terrible weapon, it drains the life of any living foe it strikes.
   rPois:     It protects you from poison.
Missiles
 e - 31 poisoned darts
 t - 15 boomerangs (quivered)
 u - a silver boomerang
 v - 10 javelins
 F - 5 curare-tipped darts
 Z - a throwing net {=!f}
Armour
 r - an orb of light (melded)
   (You found it on level 11 of the Dungeon)
Magical Staves
 y - a staff of cold (melded)
   (You took it off Fannar on level 1 of the Lair of Beasts)
Jewellery
 c - a ring of protection from cold (on tentacle)
   (You found it on level 11 of the Dungeon)
 d - an amulet of reflection (around neck)
   (You found it on level 8 of the Dungeon)
 f - a ring of protection from fire (left front paw)
   (You found it on level 3 of the Dungeon)
 i - a ring of magical power (on tentacle)
   (You found it on level 2 of the Lair of Beasts)
 j - a +4 ring of evasion (right front paw)
   (You found it on level 6 of the Dungeon)
 p - a ring of flight
   (You found it on level 10 of the Dungeon)
 s - a ring of wizardry (on tentacle)
   (You found it on level 11 of the Dungeon)
 C - a +6 ring of intelligence (on tentacle)
   (You found it on level 11 of the Dungeon)
 L - a +6 ring of intelligence (on tentacle)
   (You found it on level 3 of the Lair of Beasts)
 N - a +6 ring of strength (on tentacle)
   (You found it on level 7 of the Dungeon)
Wands
 A - a wand of acid (29)
   (You found it on level 3 of the Dungeon)
 I - a wand of iceblast (16)
   (You found it on level 10 of the Dungeon)
 P - a wand of paralysis (6)
   (You found it on level 7 of the Dungeon)
 V - a wand of flame (22)
   (You found it on level 10 of the Dungeon)
Scrolls
 a - 3 scrolls of immolation
 k - a scroll of enchant armour
 m - a scroll of amnesia
 o - 2 scrolls of holy word
 q - 4 scrolls of fog
 x - 2 scrolls of vulnerability
 B - 4 scrolls of blinking
 G - a scroll of fear
 T - 4 scrolls of teleportation
Potions
 g - a potion of resistance
 h - 4 potions of brilliance {unknown}
 l - 4 potions of flight
 n - a potion of cancellation
 w - 6 potions of heal wounds
 D - a potion of might
 E - a potion of mutation
 H - 2 potions of attraction
 J - 2 potions of ambrosia {unknown}
 M - 2 potions of magic
 Q - 3 potions of curing


   Skills:
 - Level 11.0 Fighting
 - Level 10.0 Dodging
 - Level 8.0 Stealth
 - Level 12.3 Unarmed Combat
 - Level 7.0 Spellcasting
 - Level 4.0 Summonings
 - Level 3.0 Translocations
 - Level 9.0 Transmutations
 - Level 4.0 Ice Magic
 - Level 3.0 Air Magic
 + Level 2.8 Earth Magic
 - Level 5.0 Poison Magic
 - Level 5.0 Evocations


You had 6 spell levels left.
You knew the following spells:

 Your Spells              Type           Power      Damage    Failure   Level
a - Ice Form              Ice/Tmut       62%        N/A       1%          4
b - Poisonous Vapours     Pois/Air       96%        N/A       1%          2
c - Wereblood             Tmut           74%        N/A       1%          2
d - Spider Form           Tmut/Pois      65%        N/A       1%          3
e - Olgreb's Toxic Radia  Pois           54%        N/A       1%          4
f - Call Canine Familiar  Summ           48%        N/A       1%          3
g - Beastly Appendage     Tmut           100%       N/A       1%          1
h - Blink                 Tloc           78%        N/A       1%          2

Your spell library contained the following spells:

 Spells                   Type           Power      Damage    Failure   Level
 Animate Skeleton         Necr           28%        N/A       1%          1
 Apportation              Tloc           78%        N/A       1%          1
 Magic Dart               Conj           56%        1d5       1%          1
 Slow                     Hex            56%        N/A       1%          1
 Sting                    Tmut/Pois      100%       1d8       1%          1
 Summon Small Mammal      Summ           100%       N/A       1%          1
 Corpse Rot               Necr/Air       54%        N/A       1%          2
 Ensorcelled Hibernation  Hex/Ice        62%        N/A       1%          2
 Searing Ray              Conj           28%        2d5       1%          2
 Lesser Beckoning         Tloc           39%        N/A       1%          3
 Summon Guardian Golem    Hex/Summ       31%        N/A       1%          3
 Confusing Touch          Hex            14%        N/A       2%          3
 Dazzling Flash           Conj/Hex       28%        N/A       2%          3
 Vampiric Draining        Necr           14%        2d7       2%          3
 Yara's Violent Unravell  Hex/Tmut       25%        3d11      3%          5
 Manifold Assault         Tloc           39%        N/A       7%          5
 Anguish                  Hex/Necr       7%         N/A       9%          4
 Fulminant Prism          Conj/Hex       7%         3d7       9%          4
 Silence                  Hex/Air        13%        N/A       12%         5
 Agony                    Necr           14%        N/A       22%         5
 Enfeeble                 Hex            7%         N/A       99%         7


Dungeon Overview and Level Annotations

Branches:
Dungeon (11/15)            Temple (1/1) D:6            Lair (4/6) D:8
 Shoals (0/4) Lair:2        Snake (1/4) Lair:3          Orc (2/2) D:11
    Elf: Orc:2

Altars:
Ashenzari
Cheibriados
Dithmenos
Elyvilon
Fedhas
Gozag
Hepliaklqana
Kikubaaqudgha
Makhleb
Nemelex Xobeh
Okawaru
Qazlal
Ru
Sif Muna
Trog
Uskayaw
Vehumet
Wu Jian
Xom
Yredelemnul
Zin
The Shining One

Shops:
D:1 ?   D:6 :   D:9 *!!![   D:11 (

Annotations:
D:1 1 exclusion
Lair:4 Rupert


Innate Abilities, Weirdness & Mutations

You are a creature of crystalline ice.
You have a powerful freezing melee attack.
Your maximum health is increased.
Your armour is entirely melded.
You are incapable of wielding weapons or throwing items.
You cannot wear most types of armour.
You are amphibious.
You can wear up to eight rings at the same time.
((Your skin changes colour to match your surroundings (Stealth+).))
((Your rubbery body absorbs attacks. (AC +1, EV +1)))
((You are camouflaged when in or above water. (Stealth+)))
((You have tentacles for arms and can constrict up to eight enemies at once.))


Message History

The orc high priest looks as sick as possible!
The orc knight looks even sicker.
The orc high priest looks as sick as possible!
The orc knight is poisoned.
The orc sorcerer is poisoned.
The orc warrior is poisoned.
An orc sorcerer comes into view. It is wielding a +2 dagger of venom.
You now have 22/33 mp.
Casting: Poisonous Vapours (safe; 1% risk of failure)
Confirm with . or Enter, or press ? or * to list all spells.
Your toxic radiance grows in intensity.
The orc high priest looks as sick as possible!
The orc sorcerer is poisoned.
The orc warrior looks even sicker.
The orc knight looks as sick as possible!
The orc knight looks even sicker.
The orc sorcerer looks even sicker.
The orc sorcerer mumbles some strange words.
An orc warrior comes into view. It is wielding a +0 trident.
You now have 18/33 mp.
Casting: Olgreb's Toxic Radiance (mildly dangerous; 1% risk of failure)
Confirm with . or Enter, or press ? or * to list all spells.
Aiming: Poisonous Vapours (safe; 1% risk of failure)
Press: ? - help, Dir - move target, f - orc high priest, p - orc high priest
Aim: an orc high priest, wielding a +0 short sword and wearing a +0 ring mail (moderately wounded, strong, extremely poisoned) Poisonous vapours surround the orc high priest!
The orc high priest looks as sick as possible!
The orc knight is poisoned.
The orc sorcerer looks even sicker.
The orc warrior is poisoned.
The orc knight roars a battlecry!
The orc knight goes into a battle-frenzy!
An orc priest comes into view. It is wielding a +0 short sword.
The orc high priest invokes the aid of Beogh against you.
Beogh smites you! The sun demon completely misses you.
The red devil misses you.
You hear a shout! x2
You take 11 damage, and have 98/121 hp.
You now have 16/33 mp.
Casting: Poisonous Vapours (safe; 1% risk of failure)
Confirm with . or Enter, or press ? or * to list all spells.
Aiming: Poisonous Vapours (safe; 1% risk of failure)
Press: ? - help, Dir - move target, f - orc sorcerer, p - orc high priest
Aim: an orc sorcerer, wielding a +0 dagger and wearing a +2 robe of willpower (lightly wounded, strong, poisoned) Poisonous vapours surround the orc sorcerer!
The orc sorcerer looks as sick as possible!
The orc knight looks even sicker.
The orc priest is poisoned.
The orc high priest looks as sick as possible!
The orc sorcerer looks as sick as possible!
The chaos spawn is poisoned.
You carefully extract the barbed spikes from your body.
Your toxic aura wanes.
You hear a shout!
The sun demon hits you!
You are engulfed in flames!
The orc sorcerer wildly gestures.
You feel disoriented. The red devil barely misses you.
You take 28 damage, and have 70/121 hp.
MASSIVE DAMAGE!!
You now have 14/33 mp.
Casting: Poisonous Vapours (safe; 1% risk of failure)
Confirm with . or Enter, or press ? or * to list all spells.
You begin to radiate toxic energy.
The orc knight looks even sicker.
The orc knight looks as sick as possible!
The orc priest looks even sicker.
The orc sorcerer looks as sick as possible!
The chaos spawn looks even sicker.
The orc knight looks as sick as possible!
The orc priest looks even sicker.
The orc high priest looks as sick as possible!
The orc sorcerer looks as sick as possible!
The sun demon hits you.
You are engulfed in flames!
An orc priest comes into view. It is wielding a +0 club.
The orc high priest prays to Beogh.
The red devil hits you but does no damage.
An orc wizard and an orc warrior come into view.
The orc warrior is wielding a +2 long sword of freezing.
You take 18 damage, and have 52/121 hp.
You now have 11/33 mp.
You closely miss the sun demon.
The orc knight looks even sicker.
The orc priest is poisoned.
The orc high priest looks as sick as possible!
The orc sorcerer looks as sick as possible!
The orc wizard is poisoned.
The orc warrior is poisoned.
The soul eater disappears in a puff of smoke!
The sun demon completely misses you.
The orc priest yells loudly.
An orc warrior comes into view. It is wielding a +0 hand axe.
An orc sorcerer comes into view. It is wielding a +0 dagger of venom.
The orc priest mumbles some strange prayers to Beogh against you.
Beogh smites you!
You hear a shout!
You take 9 damage, and have 43/121 hp.
You barely miss the sun demon.
The orc knight looks as sick as possible! x2
The orc sorcerer looks as sick as possible!
The orc sorcerer shouts!
The orc sorcerer is poisoned.
The orc wizard looks even sicker.
The orc warrior is poisoned.
The chaos spawn looks even sicker.
The red devil hits you from afar with a +0 trident.
Barbed spikes become lodged in your body.
The sun demon hits you!
* * * LOW HITPOINT WARNING * * *
You are engulfed in flames!!
* * * LOW HITPOINT WARNING * * *
You take 33 damage, and have 10/121 hp.
MASSIVE DAMAGE!!
Unknown command.
You feel much better.
The orc warrior looks even sicker.
Your toxic aura wanes.
An orc warrior comes into view.
It is wielding a +0 halberd and wearing a +2 plate armour of cold resistance.
The sun demon hits you.
* * * LOW HITPOINT WARNING * * *
You are engulfed in flames!!
* * * LOW HITPOINT WARNING * * *
The red devil barely misses you.
You regained 8 hp, and now have 18/121 hp.
Casting: Olgreb's Toxic Radiance (mildly dangerous; 1% risk of failure)
Confirm with . or Enter, or press ? or * to list all spells.
You blink.
You kill the orc sorcerer!
Cheibriados appreciates the change of pace.
Training target 7.0 for Spellcasting reached!
Your Spellcasting skill increases to level 7!
You now have 10/33 mp.
Casting: Blink (safe; 1% risk of failure)
Confirm with . or Enter, or press ? or * to list all spells.
You begin to radiate toxic energy.
The orc knight looks as sick as possible!
The orc sorcerer looks as sick as possible!
The sixfirhy is poisoned.
You kill the orc sorcerer!
Cheibriados appreciates the change of pace.
You now have 6/33 mp.
Aiming: Corrosive Bolt
Press: ? - help, Shift-Dir - straight line, f - orc high priest
Aim: an orc high priest, wielding a +0 war axe and wearing a +0 scale mail (almost dead, strong, extremely poisoned, 71% to hit)
Out of range.
Okay, then.
Unknown command.
Unknown command.
Unknown command.
Casting: Olgreb's Toxic Radiance (mildly dangerous; 1% risk of failure)
Confirm with . or Enter, or press ? or * to list all spells.
You are still too unstable to blink.
Unknown command.
Unknown command.
Casting: Blink (safe; 1% risk of failure)
Confirm with . or Enter, or press ? or * to list all spells.
Really summon while emitting a toxic aura?
Okay, then.
You punch the sun demon! You freeze the sun demon.
The sun demon is moderately wounded.
The orc warrior looks even sicker.
Cheibriados thoroughly appreciates the change of pace.
You feel a bit more experienced. The sun demon hits you.
* * * LOW HITPOINT WARNING * * *
You are engulfed in flames!!
You die... o§o #. oo)

#####. #.# #..... #o#
#####. #o# . #.. #.# ..#
##.. ...####4####...# #...
#.....3.....# ##.#
######Y###### ###
#######.#########
.#.....................
..................#....
....................#.##
.......................###
......................###.
...........)#.........#...
.......)..................


You could see an orc knight (strong, extremely poisoned), an orc high priest
(strong, extremely poisoned), a sun demon (summoned), an orc sorcerer (strong,
poisoned), a red devil (summoned) and an orc warrior (strong, very poisoned).

Vanquished Creatures
  An orc warlord (Orc:2)
  Josephine (D:11)
  A boulder beetle (D:11)
  6 hydras
  Fannar (Lair:1)
  Nergalle (D:11)
  3 orc sorcerers (Orc:2)
  2 cyclopes
  2 manticores
  2 black mambas (Lair:4)
  5 elephants (Lair:4)
  A gargoyle (D:10)
  11 cane toads
  3 rime drakes
  3 komodo dragons
  A kobold demonologist (D:11)
  2 polar bears (Lair:1)
  A wind drake (Lair:2)
  3 trolls
  2 dream sheep (Lair:3)
  7 blink frogs
  5 wraiths
  52 yaks
  5 wyverns
  2 vampires
  9 basilisks
  2 golden eyes
  3 vampire mosquitoes (D:11)
  A steam dragon (Lair:2)
  3 wargs
  2 acid dragons
  Edmund (D:4)
  A hell hound (Lair:4)
  6 water moccasins
  Duvessa (D:7)
  3 black bears
  25 orc warriors
  10 ogres
  A sky beast (D:7)
  10 wolves
  A kobold brigand (D:7)
  2 necrophages
  13 bullfrogs
  3 gnoll sergeants
  A scorpion (D:6)
  10 wights
  Dowan (D:7)
  13 killer bees
  4 electric eels (D:10)
  4 howler monkeys
  A crimson imp (D:8)
  2 centaur zombies (D:8)
  3 jellies
  Crazy Yiuf (D:7)
  6 hounds
  19 orc priests
  A gnoll shaman (D:4)
  7 iguanas
  24 orc wizards
  A hell rat (Lair:4)
  A killer bee zombie (D:8)
  2 mummies (D:8)
  18 gnolls
  12 adders
  A shadow imp (D:6)
  2 white imps
  2 ufetubi
  A worm (D:2)
  3 dart slugs
  71 orcs
  A bat (D:3)
  An endoplasm (D:3)
  4 giant cockroaches
  6 goblins
  7 hobgoblins
  2 quokkas (D:1)
  4 ball pythons
  4 frilled lizards
  10 kobolds
  4 rats
474 creatures vanquished.

Vanquished Creatures (collateral kills)
  A two-headed ogre (D:11)
  A rime drake (Lair:4)
  5 dream sheep (Lair:3)
  5 yaks (Lair:2)
  A wraith (D:10)
  5 basilisks
  An orc warrior (Orc:1)
  2 bullfrogs (Lair:4)
  A howler monkey (D:9)
  An orc wizard (Orc:2)
  2 hell rats (Lair:4)
  A goblin (D:11)
26 creatures vanquished.

Vanquished Creatures (others)
  A yak (Lair:2)
  A bush (Lair:4)
  30 fungi
  67 plants
  2 withered plants (D:8)
101 creatures vanquished.

Grand Total: 601 creatures vanquished

Notes
Turn   | Place    | Note
-------+----------+-------------------------------------------
     0 | D:1      | mdonais the Octopode Transmuter began the quest for the
                  | Orb.
     0 | D:1      | Reached XP level 1. HP: 13/13 MP: 3/3
   103 | D:1      | Found Taibufro's Magic Scroll Emporium.
   322 | D:1      | Reached skill level 1 in Stealth
   428 | D:1      | Reached XP level 2. HP: 18/18 MP: 5/5
   875 | D:2      | Found a sparkling altar of Nemelex Xobeh.
   971 | D:2      | Reached XP level 3. HP: 15/24 MP: 6/6
  2040 | D:2      | Found a faded altar of an unknown god.
  2150 | D:3      | Reached XP level 4. HP: 29/30 MP: 7/7
  2262 | D:3      | Identified the +9 spear "Ozutin" {drain, rPois}
  2621 | D:4      | Learned a level 3 spell: Spider Form
  2674 | D:4      | Reached XP level 5. HP: 36/36 MP: 8/8
  2694 | D:4      | Noticed Edmund
  2706 | D:4      | Killed Edmund
  2707 | D:4      | Reached XP level 6. HP: 36/45 MP: 9/9
  2711 | D:4      | Reached skill level 5 in Fighting
  2882 | D:4      | Noticed a black bear
  2893 | D:4      | Killed a black bear
  2894 | D:4      | Reached skill level 1 in Evocations
  3405 | D:5      | Entered Level 5 of the Dungeon
  3487 | D:5      | Reached XP level 7. HP: 29/50 MP: 10/10
  4416 | D:5      | Reached XP level 8. HP: 28/57 MP: 11/11
  4750 | D:6      | Learned a level 2 spell: Blink
  4840 | D:6      | Reached skill level 5 in Stealth
  4870 | D:6      | Found a staircase to the Ecumenical Temple.
  4879 | Temple   | Entered the Ecumenical Temple
  4955 | Temple   | Became a worshipper of Cheibriados the Contemplative
  4988 | D:6      | Learned a level 2 spell: Poisonous Vapours
  5007 | D:6      | Found Ibosoq's Book Emporium.
  5243 | D:6      | Reached skill level 1 in Translocations
  5243 | D:6      | Reached skill level 1 in Poison Magic
  5658 | D:7      | Noticed Maggie
  5662 | D:7      | Noticed Maggie
  5662 | D:7      | Maggie changed into Maggie the golden eye
  5773 | D:7      | Killed Maggie the golden eye
  5836 | D:7      | Reached XP level 9. HP: 40/63 MP: 0/13
  5840 | D:7      | Reached skill level 5 in Poison Magic
  6042 | D:7      | Reached * piety under Cheibriados
  6043 | D:7      | Reached skill level 1 in Air Magic
  6051 | D:7      | Learned a level 2 spell: Wereblood
  6557 | D:7      | Noticed Duvessa
  6562 | D:7      | Noticed Dowan
  6569 | D:7      | Killed Dowan
  6570 | D:7      | Killed Duvessa
  6809 | D:7      | Found a runed translucent door.
  6810 | D:7      | Noticed Crazy Yiuf
  6820 | D:7      | Killed Crazy Yiuf
  6820 | D:7      | Reached ** piety under Cheibriados
  7159 | D:8      | Reached skill level 5 in Dodging
  7159 | D:8      | Reached skill level 4 in Unarmed Combat
  7456 | D:8      | Reached XP level 10. HP: 72/72 MP: 2/14
  7785 | D:8      | Reached *** piety under Cheibriados
  8065 | D:8      | Found a staircase to the Lair.
  8176 | D:8      | Found a burning altar of Makhleb.
  8915 | D:9      | Found Ceviqaff's Armour Shop.
  9053 | D:9      | Found Xaozum's Distillery.
  9061 | D:9      | Bought a potion of cancellation for 112 gold pieces
  9061 | D:9      | Bought a potion of degeneration for 14 gold pieces
  9105 | D:9      | Learned a level 3 spell: Call Canine Familiar
  9135 | D:9      | Found Vesonump's Distillery.
  9143 | D:9      | Bought 2 potions of heal wounds for 150 gold pieces
  9172 | D:9      | Reached skill level 5 in Unarmed Combat
  9173 | D:9      | Reached skill level 1 in Summonings
  9425 | D:9      | Found Micwox's Assorted Antiques.
  9430 | D:9      | Bought a scroll labelled XAZUYM EFACI for 20 gold pieces
  9502 | D:9      | Found Ompumoz's Distillery.
  9764 | D:10     | Entered Level 10 of the Dungeon
 10182 | D:10     | Noticed Maurice
 10184 | D:10     | Noticed Maurice
 10184 | D:10     | Maurice changed into Maurice the wolf
 10187 | D:10     | Killed Maurice the wolf
 10263 | D:10     | Reached **** piety under Cheibriados
 10264 | D:10     | Reached skill level 6 in Unarmed Combat
 10264 | D:10     | Reached XP level 11. HP: 76/80 MP: 17/17
 10688 | D:10     | Reached skill level 7 in Unarmed Combat
 11322 | D:10     | Learned a level 4 spell: Ice Form
 11623 | Lair:1   | Entered Level 1 of the Lair of Beasts
 11643 | Lair:1   | Reached skill level 8 in Unarmed Combat
 11989 | Lair:1   | Reached skill level 5 in Transmutations
 12013 | Lair:1   | Reached skill level 9 in Unarmed Combat
 12372 | Lair:1   | Reached skill level 1 in Ice Magic
 12380 | Lair:1   | Reached ***** piety under Cheibriados
 12571 | Lair:1   | Noticed Fannar
 12590 | Lair:1   | Killed Fannar
 12911 | Lair:2   | Noticed a four-headed hydra
 12991 | Lair:2   | Reached XP level 12. HP: 85/85 MP: 18/18
 13033 | Lair:2   | Killed a four-headed hydra
 13034 | Lair:2   | Reached skill level 10 in Unarmed Combat
 13119 | Lair:2   | Noticed an eight-headed hydra
 13127 | Lair:2   | Killed an eight-headed hydra
 13342 | Lair:2   | Noticed an eight-headed hydra
 13350 | Lair:2   | Killed an eight-headed hydra
 13449 | Lair:2   | Found a staircase to the Shoals.
 13467 | Lair:2   | Reached skill level 11 in Unarmed Combat
 13502 | Lair:2   | Reached skill level 10 in Fighting
 14381 | Lair:3   | Reached XP level 13. HP: 76/92 MP: 19/19
 14917 | Lair:3   | Reached ****** piety under Cheibriados
 14971 | Lair:3   | Found a staircase to the Snake Pit.
 15028 | Lair:3   | Reached skill level 5 in Evocations
 16380 | Lair:4   | Noticed Rupert
 16698 | D:11     | Reached skill level 12 in Unarmed Combat
 16871 | D:11     | Reached skill level 5 in Spellcasting
 16879 | D:11     | Found Vuyroerch's Weapon Emporium.
 16880 | D:11     | Noticed Josephine
 16889 | D:11     | Killed Josephine
 16971 | D:11     | Reached skill level 10 in Dodging
 17089 | D:11     | Found a staircase to the Orcish Mines.
 17202 | D:11     | Noticed Nergalle
 17207 | D:11     | Noticed Sonja
 17208 | D:11     | Killed Nergalle
 17210 | D:11     | Noticed Sonja
 17210 | D:11     | Sonja changed into Sonja the golden eye
 17216 | D:11     | Killed Sonja the golden eye
 17894 | Snake:1  | Entered Level 1 of the Snake Pit
 17984 | Lair:4   | Reached XP level 14. HP: 101/101 MP: 22/22
 18205 | Orc:1    | Entered Level 1 of the Orcish Mines
 18378 | Orc:2    | Entered Level 2 of the Orcish Mines
 18446 | Orc:1    | Learned a level 4 spell: Olgreb's Toxic Radiance
 18611 | Orc:1    | Noticed an orc warlord
 18620 | Orc:2    | Killed an orc warlord
 19000 | Orc:2    | Paralysed by an orc sorcerer for 7 turns
 19011 | Orc:2    | Reached skill level 1 in Earth Magic
 20101 | Orc:2    | Slain by a sun demon

Illustrated notes

Levels and vault maps discovered:
D:1:      kennysheep_arrival_forest, layout_loops_ring, serial_shops, shop,
          item_on_display_a
D:2:      layout_basic, shapermc_ecumenical_altar_notcrosses, basic_altar
D:3:      layout_rooms
D:4:      layout_basic, serial_bayou_pond_e, uniq_edmund
D:5:      layout_basic
D:6:      layout_gridville, minmay_temple_entry_statues_pillars, serial_shops,
          shop, supply_closet_lemuel
D:7:      layout_basic, uniq_duvessa, uniq_crazy_yiuf_cottage, uniq_maggie
D:8:      layout_layer_cave, makhleb_grotto_becter, david_lair_shrubbed,
          serial_undead, serial_undead_f, serial_undead_d, serial_undead_a,
          serial_undead_a
D:9:      layout_basic, serial_shops, shop, nicolae_square_shop,
          nicolae_shop_waterfront, nicolae_shop_overgrown_old_shop,
          nicolae_square_shop, kennysheep_generic_room_4
D:10:     layout_basic, uniq_maurice
D:11:     layout_big_octagon, erik_orc_3, serial_shops, nicolae_shop_trees,
          uniq_josephine, uniq_nergalle, uniq_sonja
Temple:   compressed_dpeg_circular_temple
Lair:1:   layout_gridlike, lemuel_fruit_fields, uniq_fannar
Lair:2:   layout_regular_city, minmay_shoals_entry_beasts
Lair:3:   layout_chaotic_city, dummy_snake_entry, serial_bayou,
          serial_bayou_pond_e, serial_bayou_pond_a, serial_bayou_shore_b,
          serial_bayou_pond_d, st_stairs_11
Lair:4:   layout_roguey [special_room_mythical_zoo], uniq_rupert
Snake:1:  layout_onion_interference, serial_shops, nicolae_diamond_shop,
          grunt_megastairs_2, uniq_kirke
Orc:1:    layout_caves
Orc:2:    st_orc_elflike, layout_diamond_mine

Skill      XL: |  1  2  3  4  5  6  7  8  9 10 11 12 13 14 |
---------------+-------------------------------------------+-----
Stealth        | 1 3 4 5 6 8 |  8.0
Fighting       | 2 3 4 5 6 8 9 10 11 | 11.0
Evocations     | 2 3 4 5 |  5.0
Dodging        | 3 4 5 7 9 10 | 10.0
Translocations | 3 |  3.0
Poison Magic   | 4 5 |  5.0
Spellcasting   | 3 4 5 7 |  7.0
Air Magic      | 3 |  3.0
Unarmed Combat | 4 6 9 11 12 | 12.3
Transmutations | 3 5 6 7 9 |  9.0
Summonings     | 4 |  4.0
Ice Magic      | 3 4 |  4.0
Earth Magic    | 2 |  2.8

Action                   |  1- 3 |  4- 6 |  7- 9 | 10-12 | 13-15 || total
-------------------------+-------+-------+-------+-------+-------++-------
Melee: Unarmed           |    45 |     2 |       |   182 |   250 ||   479
       Constrict         |    11 |    10 |    44 |    26 |     4 ||    95
       Tentacles         |    12 |     8 |    40 |    41 |     7 ||   108
       Punch             |     1 |     1 |     4 |    10 |       ||    16
       Spear             |       |    57 |   211 |   214 |       ||   482
       Staff             |       |       |       |     1 |    12 ||    13
 Fire: Hunting sling     |    45 |     2 |       |       |       ||    47
Throw: Dart              |       |       |     2 |       |       ||     2
       Boomerang         |       |       |    14 |     7 |       ||    21
 Cast: Poisonous Vapours |       |       |    34 |    93 |    74 ||   201
       Wereblood         |       |       |     1 |     8 |     3 ||    12
       Blink             |       |       |     1 |     5 |     2 ||     8
       Call Canine Famil |       |       |       |    26 |    28 ||    54
       Ice Form          |       |       |       |    13 |    37 ||    50
       Spider Form       |       |       |       |     2 |     1 ||     3
       Olgreb's Toxic Ra |       |       |       |       |    27 ||    27
Evoke: Wand              |       |     3 |     8 |    19 |    10 ||    40
  Use: Scroll            |       |     2 |     9 |     7 |     6 ||    24
       Potion            |       |       |     2 |       |     3 ||     5
 Stab: Sleeping          |     2 |     8 |     7 |     4 |     3 ||    24
       Distracted        |       |       |     2 |     3 |     1 ||     6
Armor: Skin              |       |       |    26 |    22 |    65 ||   113
Dodge: Dodged            |    29 |    10 |   124 |   249 |   215 ||   627
Block: Other             |       |       |       |    62 |    59 ||   121
       Reflection        |       |       |       |     1 |     4 ||     5
       Orb               |       |       |       |       |     1 ||     1

Table legend: (Time is in decaauts)
 A = Elapsed time spent in this place.
 B = Non-inter-level travel time spent in this place.
 C = Inter-level travel time spent in this place.
 D = Time resting spent in this place.
 E = Time spent auto-exploring this place.
 F = Levels seen in this place.
 G = Mean time per level.
                   A        B        C        D        E       F      G
               +--------+--------+--------+--------+--------+-----+--------+
         Total |  26164 |  23834 |   2330 |   6649 |  12136 |  19 | 1377.1 |
       Dungeon |  15546 |  14198 |   1348 |   4111 |   7500 |  11 | 1413.3 |
        Temple |     95 |     76 |     19 |      0 |     46 |   1 |   95.0 |
          Lair |   7709 |   6896 |    813 |   1874 |   3436 |   4 | 1927.2 |
     Snake Pit |      1 |      1 |      0 |      0 |      0 |   1 |    1.0 |
  Orcish Mines |   2810 |   2661 |    149 |    664 |   1153 |   2 | 1405.0 |
               +--------+--------+--------+--------+--------+-----+--------+

Top non-repeatable levels by time:
     D:8: 2935 daAuts
  Lair:3: 2499 daAuts
  Lair:2: 2057 daAuts
    D:10: 1986 daAuts
  Lair:1: 1980 daAuts
     D:9: 1909 daAuts
   Orc:2: 1868 daAuts
     D:7: 1473 daAuts
    D:11: 1473 daAuts
     D:5: 1280 daAuts
     D:2: 1264 daAuts
  Lair:4: 1172 daAuts
     D:6: 1072 daAuts
   Orc:1: 942 daAuts
     D:4: 854 daAuts
